 Dungeon Crawl Stone Soup version 0.21-a0-221-gfe971b9 (webtiles) character file.

39 Gorglomux the Digger (level 3, 0/31 HPs)
             Began as a Hill Orc Earth Elementalist on Aug 25, 2017.
             Hit by a stone thrown by a kobold (3 damage)
             ... on level 2 of the Dungeon.
             The game lasted 00:04:09 (1504 turns).

Gorglomux the Digger (Hill Orc Earth Elementalist)  Turns: 1504, Time: 00:04:10

Health: 0/31       AC:  2    Str: 11    XL:     3   Next: 45%
Magic:  1/5        EV: 12    Int: 15    God:
Gold:   71         SH:  0    Dex: 11    Spells: 4/5 levels left

rFire    . . .     SeeInvis .   r - +0 war axe
rCold    . . .     Gourm    .   (no shield)
rNeg     . . .     Faith    .   c - +0 robe
rPois    .         Spirit   .   (no helmet)
rElec    .         Reflect  .   (no cloak)
rCorr    .         Harm     .   (no gloves)
MR       .....                  (no boots)
Stlth    ++........             (no amulet)
HPRegen  0.10/turn              (no ring)
MPRegen  0.09/turn              (no ring)

@: very slightly contaminated
A: no striking features
a: no special abilities


You were on level 2 of the Dungeon.
You were not hungry.

You visited 1 branch of the dungeon, and saw 2 of its levels.

You collected 71 gold pieces.

Inventory:

Hand Weapons
 j - a +0 dagger
 r - a +0 war axe (weapon)
Missiles
 b - 29 stones (quivered)
Armour
 c - a +0 robe (worn)
Jewellery
 f - an uncursed amulet of magic regeneration {unknown}
Scrolls
 h - a scroll of noise {unknown}
 i - a scroll of identify {unknown}
 k - a scroll of random uselessness {unknown}
 l - a scroll of amnesia {unknown}
 m - 2 scrolls of teleportation {unknown}
 n - a scroll of remove curse {unknown}
 t - a scroll of blinking {unknown}
Books
 e - a book of Geomancy

   Spells                             Type                      Level
   a - Sandblast                      Earth                        1
   b - Passwall                       Transmutation/Earth          2
   c - Stone Arrow                    Conjuration/Earth            3
   d - Petrify                        Transmutation/Earth          4
   e - Lee's Rapid Deconstruction     Earth                        5
Comestibles
 d - a bread ration
 s - a royal jelly


   Skills:
 - Level 3.0 Fighting
 + Level 1.8 Axes
 - Level 1.5 Dodging
 - Level 1.5 Stealth
 - Level 1.5 Spellcasting
   Level 0.6 Transmutations
 - Level 3.0 Earth Magic


You had 4 spell levels left.
You knew the following spells:

 Your Spells              Type           Power        Failure   Level  Hunger
a - Sandblast             Erth           ##....       7%          1    ##.....


Dungeon Overview and Level Annotations

Branches:
Dungeon (1/15)

Altars:


Message History

You can't see butt susceptible monsters within butt!!! (Use Z to cast anyway!)
The kobold throws a stone!
The stone hits you but does no damage!
Casting: Sandblast
Confirm with ! or Enter, or press ? or * to butt all spells!
Aiming: Butt
Press: ? - help, Shift-Dir - straight line, f - kobold
Aim: a kobold, wielding a dagger You miscast Sandblast!
You are very lightly contaminated with residual magic!
Sand pours from your hands!
Casting: Sandblast
Confirm with ! or Enter, or press ? or * to list all spells!
You don't have enough magic to cast that spell!
Unknown command!
The kobold throws a stone!
The stone barely misses you!
You see here a stone!
The kobold throws a butt!
The butt closely misses butt!
The kobold throws a stone!
The stone misses you!
The kobold throws a stone!
The stone hits you! rip

.........####.K.## #.......
..........(.###.†### ##.......
>(.......##...##...###..##.###
#...####.####..###g....## #
.## #.## ##.###(....###...
#..# #...K.........# ##.##
###........##.#
#..#####K.......# #####
##.(.@....K[...##
...###....(..........#
.######.##................#
......#..#................#
#.....................##
####..#..............##
##.#.....(........#
#...............##
#####..........##


You could see 2 kobolds.

Vanquished Creatures
  An adder (D:2)
  An ooze (D:1)
  A worm (D:2)
  A dart slug (D:2)
  A leopard gecko (D:2)
  A giant cockroach (D:2)
  2 goblins (D:1)
  2 hobgoblins
  3 jackals (D:2)
  A quokka (D:2)
  A bat (D:1)
  A frilled lizard (D:2)
  A kobold (D:1)
  4 rats
21 creatures vanquished.

Notes
Turn   | Place    | Note
-------+----------+-------------------------------------------
     0 | D:1      | Gorglomux the Hill Orc Earth Elementalist began the quest for the Orb.
     0 | D:1      | Reached XP level 1. HP: 14/14 MP: 3/3
    70 | D:1      | Reached skill level 1 in Fighting
   678 | D:1      | Reached XP level 2. HP: 16/24 MP: 4/4
  1036 | D:1      | You fall through a shaft!
  1048 | D:2      | Reached skill level 3 in Fighting
  1175 | D:2      | Reached XP level 3. HP: 24/31 MP: 5/5
  1353 | D:2      | Reached skill level 1 in Axes
  1504 | D:2      | Hit by a stone thrown by a kobold

Vault maps used:
D:1:      enne_arrival_octagon_isle
D:2:      lemuel_round_altar

Skill      XL: |  1  2  3 |
---------------+----------+-----
Fighting       | 1 3 |  3.0
Axes           | 1 |  1.8
Dodging        | |  1.5
Stealth        | |  1.5
Spellcasting   | |  1.5
Transmutations | |  0.6
Earth Magic    | |  3.0

Action                   || total
-------------------------++-------
Melee: Dagger            ||    32
       Unarmed           ||     3
       War axe           ||    21
 Cast: Sandblast         ||    20
  Use: Potion            ||     1
 Stab: Sleeping          ||     2
  Eat: Chunk             ||     2
Armor: Robe              ||    17
Dodge: Dodged            ||    52

Table legend:
 A = Spawn XP
 B = Non-spawn XP
 C = Spawn XP percentage of total XP
 D = Spawn monster count
 E = Non-spawn monster count
 F = Spawn count percentage of total count
 G = Total turns spent on level
                    A         B        C        D         E        F      G
               +---------+---------+-------+---------+---------+-------+---------
         Total |       0 |      56 |   0.0 |       0 |      21 |   0.0 |  1504
               +---------+---------+-------+---------+---------+-------+---------
           D:1 |       0 |      16 |   0.0 |       0 |       8 |   0.0 |  1036
           D:2 |       0 |      40 |   0.0 |       0 |      13 |   0.0 |   468
               +---------+---------+-------+---------+---------+-------+---------
